 Dungeon Crawl Stone Soup version 0.27.1-15-g792fb953b9 (webtiles) character file.

Game seed: 8596488462045117672

2 croobank the Sneak (level 1, -1/10 HPs)
             Began as a Felid Delver on Nov 19, 2021.
             Was an Initiate of Qazlal.
             Slain by an orc wizard (5 damage)
             ... on level 3 of the Dungeon.
             The game lasted 00:08:03 (383 turns).

croobank the Sneak (Felid Delver)                    Turns: 383, Time: 00:08:04

Health: -1/10      AC:  1    Str:  8    XL:     1   Next: 25%
Magic:  2/2        EV: 17    Int: 11    God:    Qazlal [......]
Gold:   8          SH:  0    Dex: 17    Spells: 0/0 levels left
                                        Lives:  0   Deaths: 0

rFire    . . .     SeeInvis +     - Unarmed
rCold    . . .     Faith    .   (shield unavailable)
rNeg     . . .     Spirit   .   (armour unavailable)
rPois    .         Reflect  .   (helmet unavailable)
rElec    .         Harm     .   (cloak unavailable)
rCorr    .         Rampage  .   (gloves unavailable)
Will     .....                  (boots unavailable)
Stlth    +.........             (no amulet)
HPRegen  0.03/turn              (no ring)
MPRegen  0.08/turn              (no ring)

@: confused, flying, hasted, very quick
A: very small, claws 1, fangs 3, see invisible, speed 1, shaggy fur 1, stealthy
paws, no weapons or thrown items, no armour, multi-lived
a: Renounce Religion


You were on level 3 of the Dungeon.
You worshipped Qazlal.
Qazlal was noncommittal.
You visited 1 branch of the dungeon, and saw 3 of its levels.

You collected 8 gold pieces.

Inventory:

Scrolls
 a - a scroll of fog


   Skills:
 + Level 3.0 Fighting
 + Level 2.7 Dodging
 + Level 6.7 Stealth
 + Level 2.0 Unarmed Combat


You couldn't memorise any spells.
You didn't know any spells.
Your spell library was empty.

Dungeon Overview and Level Annotations

Branches:
Dungeon (5/15)
 Temple: D:4-7

Altars:
Qazlal

Annotations:
D:3 Sigmund


Innate Abilities, Weirdness & Mutations

You have sharp claws.
You have razor-sharp teeth.
You have supernaturally acute eyesight. (SInv)
You cover ground quickly. (Speed+)
You are covered in fur. (AC +1)
Your paws help you pounce on unaware monsters.
You are incapable of wielding weapons or throwing items.
You cannot wear armour.
You gain extra lives every three experience levels.


Message History

(D) Dungeon
Where to? (? - help)
Okay, then.
Search for what [? for help]? shop Can't find anything matching that.
An orc comes into view. It is wielding a +0 trident.
Sigmund the Dreaded comes into view.
He is wielding a +2 scythe of protection.
Found a scale mail.
Found a stone staircase leading up.
The orc wizard gestures at you while chanting.
You are confused.
It was a potion of flight.
You feel very buoyant.
You fly up into the air.
An orc priest comes into view. It is wielding a +0 short sword.
The orc priest moves out of view.
The orc shouts!
The bat barely misses you. The bat hits you. The bat barely misses you.
You bump into the rock wall.
The bat barely misses you. x2
The orc wizard mumbles some strange words.
The orc wizard flickers and vanishes for a moment.
You miss the bat.
You feel less confused. The bat hits you.
A goblin comes into view. It is wielding a +0 dagger.
The bat barely misses you.
The orc wizard gestures at you while chanting.
You are confused.
You hear a shout!
You bump into the rock wall.
You hear an angry hiss.
You hear a shout!
You bump into the rock wall.
The orc wizard hits you with a +2 dagger of speed.
The orc wizard completely misses you.
You feel yourself speed up.
The orc wizard hits you with a +2 dagger of speed.
Ouch! That really hurt!
You die...

##
#.............o..o...##
.##
#................≈§....
#.##
#...............≈≈≈≈...
##.##
#......$...o...§§o§....
##.#
##............o..§§§§...
###
#.......o..........§...#
#.##..@ob#............##
#.*#.##o##..#.#######...
#,*#@*#@##.....*****,...
*^*..*#.##.##..,<,,,,...
*_#[#*#..*,,,,..,**,,,..
***,* ##g#,,,,,.,**,,,,,
*,*** *.#,,,,,,,**,,,,,
***,***
*.l,,,,,,,**,,,,,
*,,,,,*
*##,,,,,,,**,,,,, ******
*,,,,,* *,,,,,,,***,,,,
,,,,,***,,,,,*
*,,,,,,,,*,,,,,


You could see Sigmund, an orc priest, an orc wizard (invisible), an orc, a
goblin, a bat and a frilled lizard.

Vanquished Creatures
  An orc (D:5)
1 creature vanquished.

Notes
Turn   | Place    | Note
-------+----------+-------------------------------------------
     0 | D:5      | croobank the Felid Delver began the quest for the Orb.
     0 | D:5      | Reached XP level 1. HP: 10/10 MP: 2/2
   100 | D:3      | Found a stormy altar of Qazlal.
   108 | D:3      | Became a worshipper of Qazlal Stormbringer
   116 | D:3      | Noticed an orc wizard
   367 | D:3      | Noticed Sigmund
   373 | D:3      | Noticed an orc priest
   383 | D:3      | Slain by an orc wizard

Illustrated notes

Levels and vault maps discovered:
D:3:      layout_rooms, nicolae_qazlal_scattered_showers,
          hellmonk_ecumenical_altar_leap_of_faith, serial_shops,
          nicolae_shop_statue_plus, minmay_vboxes, uniq_robin, uniq_sigmund
D:4:      layout_cave_pods, serial_forest, infiniplex_forest_clump_small,
          infiniplex_forest_lined_3, infiniplex_forest_clump_double,
          infiniplex_forest_clump_cross, infiniplex_forest_straight_2,
          infiniplex_forest_clump_diagonal, uniq_edmund
D:5:      layout_basic, mainiacjoe_overflow_brackets,
          mainiacjoe_overflow_boulevard, nicolae_gozag_zags_fifth_avenue,
          minmay_temple_entry_trees

Action                   || total
-------------------------++-------
Melee: Unarmed           ||     3
       Bite              ||     1
Evoke: Wand              ||     3
  Use: Scroll            ||     2
       Potion            ||     2
Dodge: Dodged            ||     8
